 Dungeon Crawl Stone Soup version 0.26.0-10-g1f06aea511 (webtiles) character file.

Game seed: 17159632534317921528

60 vvl the Chopper (level 3, -7/34 HPs)
             Began as a Deep Dwarf Monk on Jan 13, 2021.
             Mangled by a gnoll
             ... wielding a +0 halberd
              (10 damage)
             ... on level 4 of the Dungeon.
             The game lasted 00:02:29 (275 turns).

vvl the Chopper (Deep Dwarf Monk)                    Turns: 275, Time: 00:02:29

Health: -7/34      AC:  5    Str: 15    XL:     3   Next: 82%
Magic:  3/3        EV: 12    Int: 10    God:
Gold:   49         SH:  0    Dex: 15    Spells: 2/2 levels left

rFire    . . .     SeeInvis +   a - +0 hand axe
rCold    + . .     Faith    .   (no shield)
rNeg     . . .     Spirit   .   j - +0 ring mail {rC+}
rPois    .         Reflect  .   (no helmet)
rElec    .         Harm     .   (no cloak)
rCorr    .         Rampage  .   (no gloves)
Will     .....                  (no boots)
Stlth    ++........             (no amulet)
HPRegen  0.00/turn              g - ring of see invisible
MPRegen  0.08/turn              (no ring)

@: non-regenerating
A: damage resistance, heal wounds, sense surroundings 1, no regeneration
a: Heal Wounds


You were on level 4 of the Dungeon.
You visited 1 branch of the dungeon, and saw 4 of its levels.

You collected 49 gold pieces.

Inventory:

Hand Weapons
 a - a +0 hand axe (weapon)
Armour
 j - a +0 ring mail of cold resistance (worn)
Jewellery
 g - a ring of see invisible (left hand)
Scrolls
 c - a scroll of teleportation {unknown}
 f - 2 scrolls of remove curse {unknown}
Potions
 d - a potion of resistance {unknown}
 e - a potion of degeneration {unknown}
 i - a potion of brilliance {unknown}


   Skills:
 + Level 3.0 Fighting
 * Level 4.1 Axes
 + Level 1.3 Armour
 - Level 3.2 Dodging
 - Level 3.0 Stealth
 + Level 1.2 Shields


You had 2 spell levels left.
You didn't know any spells.
Your spell library was empty.

Dungeon Overview and Level Annotations

Branches:
Dungeon (4/15)
 Temple: D:4-7

Altars:
Qazlal


Innate Abilities, Weirdness & Mutations

You are resistant to damage.
You can heal yourself by infusing magical energy.
You passively map a small area around you.
You do not regenerate.


Message History

The gnoll shouts!
You hit the ball python.
The ball python is moderately wounded.
You hear a shout!
The ball python bites you. The ball python constricts you.
You hit the ball python.
You kill the ball python!
The gnoll throws a throwing net.
The throwing net hits you.
You become entangled in the net!
You tear a large gash into the net.
You struggle against the net.
You are no longer poisoned.
A gnoll comes into view.
You struggle against the net.
The gnoll hits you from afar with a +0 halberd!
* * * LOW HITPOINT WARNING * * *
You shred the net and break free!
A gnoll comes into view. It is wielding a +0 club.
The gnoll hits you from afar with a +0 halberd!
You die...

..# ####...#### , ,*
#..#####.........#. #....
....._...... , * #....
,.......... ## #....
*##...### * #. #. ,(..###
#...#E#, #.* #. *
#..###...###.. #. ##.
#####............. ,,
..###..##.....g.@.........
* *
........#.g...####........
, ....###.......#
..#......
.........g...........###..
...[.####.###..##>.... , .
, * ....##
#..#*........... ....#
..##*.####.##.###,
....###.## * * #. .#
#.<........ , , , ,,


You could see a fire elemental and 3 gnolls.

Vanquished Creatures
  A scorpion (D:4)
  A ball python (D:4)
  A giant cockroach (D:1)
  A hobgoblin (D:1)
  4 kobolds (D:1)
  A frilled lizard (D:1)
  2 rats (D:1)
11 creatures vanquished.

Notes
Turn   | Place    | Note
-------+----------+-------------------------------------------
     0 | D:1      | vvl the Deep Dwarf Monk began the quest for the Orb.
     0 | D:1      | Reached XP level 1. HP: 20/20 MP: 1/1
   109 | D:1      | Reached XP level 2. HP: 17/27 MP: 2/2
   243 | D:4      | Noticed a scorpion
   246 | D:4      | Noticed a fire elemental
   248 | D:4      | Found a stormy altar of Qazlal.
   266 | D:4      | Killed a scorpion
   267 | D:4      | Reached skill level 4 in Axes
   267 | D:4      | Reached skill level 1 in Armour
   267 | D:4      | Reached skill level 1 in Shields
   267 | D:4      | Reached XP level 3. HP: 14/34 MP: 3/3
   275 | D:4      | Mangled by a gnoll

Illustrated notes

Levels and vault maps discovered:
D:1:      minmay_arrival_semitransparent, layout_basic, minmay_indecisive_spiral
D:2:      layout_loops_ring, chequers_hall_statues_wall_a
D:3:      layout_rooms, grunt_gozag_statues
D:4:      layout_rooms, nicolae_qazlal_style_of_elements,
          general_overflow_altar, minmay_ruined_shrine

Skill      XL: |  1  2 |
---------------+-------+-----
Fighting       | 3 |  3.0
Axes           | 4 |  4.1
Armour         | 1 |  1.3
Stealth        | 3 |  3.0
Shields        | 1 |  1.2
Dodging        | |  3.2

Action                   || total
-------------------------++-------
Melee: Hand axe          ||    49
Armor: Robe              ||     6
       Ring mail         ||     3
Dodge: Dodged            ||    35
